 Dungeon Crawl Stone Soup version 0.30-a0-297-g0ec75d9ef4 (webtiles) character file.

Game seed: 14768573282898314097

702 scionoferis the Trooper (level 7, -1/44 HPs)
             Began as a Gargoyle Cinder Acolyte on Oct 19, 2022.
             Was a High Priest of Ignis.
             Killed by divine providence
             ... invoked by an orc priest
              (13 damage)
             ... on level 5 of the Dungeon.
             The game lasted 00:11:56 (3122 turns).

scionoferis the Trooper (Gargoyle Cinder Acolyte)   Turns: 3122, Time: 00:11:57

Health: -1/44      AC: 15    Str: 17    XL:     7   Next: 66%
Magic:  9/11       EV: 10    Int: 15    God:    Ignis [*****.]
Gold:   184        SH:  0    Dex:  4    Spells: 10/12 levels left

rFire   + + +      SeeInvis .    b - +4 sling
rCold   . . .      Faith    .    (no shield)
rNeg    + + .      Spirit   .    f - +0 ring mail
rPois   ∞          Reflect  .    (no helmet)
rElec   +          Harm     .    (no cloak)
rCorr   .          Rampage  .    d - +0 pair of gloves
Will    .....                    p - +2 pair of boots of the Will of the Gods {rF++ rN+ Dex-3}
Stlth   ..........               m - amulet of the acrobat
HPRegen 0.27/turn                (no ring)
MPRegen 0.12/turn                (no ring)

@: no status effects
A: sickness immunity, AC +4, negative energy resistance 1, electricity
resistance, torment resistance 1, petrification resistance
a: Renounce Religion, Fiery Armour, Foxfire Swarm, Rising Flame


You were on level 5 of the Dungeon.
You worshipped Ignis.
Ignis was extremely pleased with you.
You visited 1 branch of the dungeon, and saw 5 of its levels.

You collected 184 gold pieces.

Inventory:

Hand Weapons
 a - a -1 mace of flaming
 b - a +4 sling (weapon)
Missiles
 e - a throwing net
Armour
 d - a +0 pair of gloves (worn)
 f - a +0 ring mail (worn)
 i - a +0 pair of boots
 p - the +2 pair of boots of the Will of the Gods (worn) {rF++ rN+ Dex-3}
   (You found it on level 2 of the Dungeon)

   Dex:       It affects your dexterity (-3).
   rF:        It greatly protects you from fire.
   rN:        It protects you from negative energy.
 s - a +2 kite shield
Magical Staves
 v - a staff of air
Jewellery
 m - an amulet of the acrobat (around neck)
Wands
 k - a wand of mindburst (24)
Scrolls
 g - 2 scrolls of teleportation
 j - a scroll of magic mapping
 l - 2 scrolls of poison {unknown}
 n - a scroll of silence
 o - 2 scrolls of immolation
 q - 2 scrolls of amnesia {unknown}
 u - 2 scrolls of vulnerability {unknown}
Potions
 c - a potion of lignification {unknown}
 h - a potion of heal wounds {unknown}
 r - a potion of brilliance
 t - a potion of experience {unknown}


   Skills:
 + Level 5.2 Fighting
 - Level 3.0 Maces & Flails
 + Level 4.0 Armour
 + Level 2.8 Dodging
 + Level 3.0 Spellcasting
 + Level 4.5 Fire Magic


You had 10 spell levels left.
You knew the following spells:

 Your Spells              Type           Power      Damage    Failure   Level
a - Scorch                Fire           30%        2d7       9%          2

Your spell library contained the following spells:

 Spells                   Type           Power      Damage    Failure   Level


Dungeon Overview and Level Annotations

Branches:
Dungeon (5/15)
 Temple: D:4-7

Altars:
Ru


Innate Abilities, Weirdness & Mutations

You are immune to sickness and miasma.
Your stone body is resilient. (AC +4)
You are immune to poison.
You resist negative energy. (rN+)
You are resistant to electric shocks. (rElec)
You are resistant to unholy torment.
You are immune to petrification.


Message History

The orc barely misses you. The orc hits you but does no damage.
You hit the orc. You burn the orc.
You kill the orc!
No target in view!
A centaur comes into view.
The centaur wields a +0 shortbow.
The centaur shoots an arrow.
The arrow closely misses you.
You hear a shout!
Your -1 mace of flaming stops flaming.
b - a +4 sling (weapon)
You hear a shout! x2
The centaur shoots an arrow.
The arrow barely misses you.
You shoot a sling bullet.
The sling bullet barely misses the centaur.
The centaur shoots an arrow.
The arrow hits you.
An orc priest comes into view. It is wielding a +0 whip.
The centaur shoots an arrow.
The arrow hits you.
You shoot a sling bullet. The sling bullet hits the orc priest.
The orc priest is moderately wounded.
An orc comes into view. It is wielding a +0 club.
You shoot a sling bullet.
The sling bullet barely misses the orc priest.
The sling bullet barely misses the centaur.
A jelly comes into view.
The orc priest calls down the wrath of Beogh upon you.
Beogh smites you!
A dart slug comes into view.
An orc comes into view. It is wielding a +0 dagger.
The orc shouts!
The orc priest calls down the wrath of Beogh upon you.
Beogh smites you!
* * * LOW HITPOINT WARNING * * *
Casting: Scorch (safe; 9% risk of failure)
Confirm with . or Enter, or press ? or * to list all spells.
Flames lash the centaur.
The centaur is moderately wounded.
The centaur's fire resistance burns away.
The orc priest calls down the wrath of Beogh upon you.
Beogh smites you!
You die... ... ... oJw

### #o# #.# #c# #.# #o# #.#
#.# #.# #@# #.# #.#
#.##########.# ##########
#....<.....#.# #.....##.##
##########.#.####.###.#.#.##
#.#......# #..###.##
#.######.###.#.#.#.. #.#
#.....##..)..
#.###############...


You could see a centaur (combustible), a jelly, an orc priest, a dart slug and 2
orcs.

Vanquished Creatures
  Grinder (D:4)
  A black bear (D:4)
  A centaur (D:4)
  A jelly (D:4)
  A hound (D:4)
  An orc priest (D:4)
  An iguana (D:4)
  5 orc wizards (D:4)
  2 adders
  A worm (D:2)
  3 dart slugs
  7 orcs
  3 endoplasms
  2 giant cockroaches (D:3)
  8 goblins
  13 hobgoblins
  14 jackals
  2 quokkas
  3 ball pythons
  7 bats
  4 frilled lizards
  7 kobolds
  5 rats
93 creatures vanquished.

Notes
Turn   | Place    | Note
-------+----------+-------------------------------------------
     0 | D:1      | scionoferis the Gargoyle Cinder Acolyte began the quest for
                  | the Orb.
     0 | D:1      | Reached XP level 1. HP: 14/14 MP: 2/2
    94 | D:1      | Reached skill level 1 in Armour
    94 | D:1      | Reached XP level 2. HP: 13/19 MP: 3/3
   256 | D:1      | Reached skill level 1 in Dodging
   259 | D:1      | Reached XP level 3. HP: 24/24 MP: 4/4
   264 | D:1      | Learned a level 2 spell: Scorch
  1118 | D:2      | Identified the +2 pair of boots of the Will of the Gods
                  | {rF++ rN+ Dex-3}
  1152 | D:2      | Reached XP level 4. HP: 29/29 MP: 5/5
  1508 | D:3      | Found a sacrificial altar of Ru.
  1522 | D:3      | Reached skill level 4 in Fighting
  2190 | D:4      | Reached XP level 5. HP: 18/33 MP: 0/7
  2355 | D:4      | Noticed Grinder
  2404 | D:4      | Killed Grinder
  2405 | D:4      | Reached XP level 6. HP: 10/39 MP: 0/9
  2682 | D:4      | Reached XP level 7. HP: 44/44 MP: 1/11
  2777 | D:4      | Reached skill level 5 in Fighting
  3046 | D:5      | Entered Level 5 of the Dungeon
  3122 | D:5      | Killed from afar by an orc priest

Illustrated notes

Levels and vault maps discovered:
D:1:      dpeg_arrival_pond, layout_rooms, nrook_uturn
D:2:      layout_loops_ring
D:3:      layout_loops_ring, mainiacjoe_overflow_six_doors_small
D:4:      cheibrodos_barr_body, layout_basic, uniq_grinder
D:5:      minmay_opposing_rooms, layout_loops_ring, kennysheep_windowed_goal,
          uniq_crazy_yiuf_cottage

Skill      XL: |  1  2  3  4  5  6  7 |
---------------+----------------------+-----
Armour         | 1 2 3 4 |  4.0
Dodging        | 1 2 |  2.8
Fighting       | 4 5 |  5.2
Spellcasting   | 2 3 |  3.0
Fire Magic     | 4 |  4.5
Maces & Flails | |  3.0

Action                   |  1- 3 |  4- 6 |  7- 9 || total
-------------------------+-------+-------+-------++-------
Melee: Mace              |    62 |    41 |    21 ||   124
       Punch             |     2 |       |       ||     2
 Fire: Sling             |    71 |    78 |     3 ||   152
 Cast: Scorch            |     2 |    14 |     6 ||    22
  Use: Scroll            |       |     5 |     1 ||     6
       Potion            |       |     2 |       ||     2
Armor: Robe              |    43 |     4 |       ||    47
       Ring mail         |       |    66 |    11 ||    77
       Leather armour    |       |     1 |       ||     1
Dodge: Dodged            |    52 |    47 |    16 ||   115

Table legend: (Time is in decaauts)
 A = Elapsed time spent in this place.
 B = Non-inter-level travel time spent in this place.
 C = Inter-level travel time spent in this place.
 D = Time resting spent in this place.
 E = Time spent auto-exploring this place.
 F = Levels seen in this place.
 G = Mean time per level.
                   A        B        C        D        E       F      G
               +--------+--------+--------+--------+--------+-----+--------+
         Total |   3209 |   3081 |    128 |    387 |   1934 |   5 |  641.8 |
       Dungeon |   3209 |   3081 |    128 |    387 |   1934 |   5 |  641.8 |
               +--------+--------+--------+--------+--------+-----+--------+

Top non-repeatable levels by time:
     D:4: 1022 daAuts
     D:2: 783 daAuts
     D:3: 739 daAuts
     D:1: 585 daAuts
     D:5: 78 daAuts
